 Dungeon Crawl Stone Soup version 0.31-a0-771-g505c3d1 (webtiles) character file.

Game seed: 14854880441543771751

276 BarneyGumball the Covert (level 6, -2/44 HPs)
             Began as a Gnoll Wanderer on Sept 16, 2023.
             Slain by a gnoll bouda
             ... wielding a +0 whip
              (3 damage)
             ... on level 4 of the Dungeon.
             The game lasted 00:10:53 (3580 turns).

BarneyGumball the Covert (Gnoll Wanderer)           Turns: 3580, Time: 00:10:53

Health: -2/44      AC: 10    Str: 18    XL:     6   Next: 25%
Magic:  0/11       EV: 12    Int: 12    God:
Gold:   145        SH:  0    Dex:  9    Spells: 7/11 levels left

rFire   . . .        a - +2 dagger
rCold   . . .        (no shield)
rNeg    . . .        y - +2 robe {Will+}
rPois   .            t - +1 helmet {Int+3}
rElec   .            (no cloak)
rCorr   .            (no gloves)
SInv    .            (no boots)
Will    +....        (no amulet)
Stlth   +++          e - +4 ring of protection
HPRegen 0.27/turn    f - ring of wizardry
MPRegen 0.12/turn

%: wizardry (x1)
@: weakened, freezing walls
A: fangs 1, strong nose, distributed training
a: no special abilities


You were on level 4 of the Dungeon.
You visited 1 branch of the dungeon, and saw 4 of its levels.

You collected 145 gold pieces.

Inventory:

Hand Weapons
 a - a +2 dagger (weapon)
 b - a +0 sling
Armour
 c - a +0 scale mail
 t - a +1 helmet of intelligence (worn)
 y - a +2 robe of willpower (worn)
Jewellery
 e - a +4 ring of protection (left hand)
 f - a ring of wizardry (right hand)
Wands
 s - a wand of flame (15)
Scrolls
 d - a scroll of teleportation
 i - a scroll of amnesia {unknown}
 j - 2 scrolls of noise {unknown}
 k - 4 scrolls of revelation {unknown}
 l - 2 scrolls of enchant weapon {unknown}
 m - 2 scrolls of enchant armour {unknown}
 n - 2 scrolls of identify {unknown}
 v - a scroll of torment {unknown}
Potions
 g - a potion of brilliance {unknown}
 h - a potion of lignification {unknown}
 q - a potion of mutation {unknown}
 r - 2 potions of haste
 u - a potion of invisibility {unknown}
 w - a potion of degeneration {unknown}
 x - a potion of cancellation {unknown}


   Skills:
 + Level 1.9 Fighting
 + Level 1.9 Short Blades
 + Level 1.9 Long Blades
 + Level 1.9 Axes
 + Level 1.9 Maces & Flails
 + Level 1.9 Polearms
 + Level 1.9 Staves
 + Level 1.9 Ranged Weapons
 + Level 3.2 Throwing
 + Level 5.0 Armour
 + Level 1.9 Dodging
 + Level 8.0 Stealth
 + Level 1.9 Shields
 + Level 1.9 Unarmed Combat
 + Level 3.4 Spellcasting
 + Level 1.5 Conjurations
 + Level 1.5 Hexes
 + Level 1.5 Summonings
 + Level 1.5 Necromancy
 + Level 1.5 Translocations
 + Level 1.5 Transmutations
 + Level 1.5 Fire Magic
 + Level 4.1 Ice Magic
 + Level 1.5 Air Magic
 + Level 1.5 Earth Magic
 + Level 1.5 Poison Magic
 + Level 2.1 Invocations
 + Level 1.9 Evocations
 + Level 1.7 Shapeshifting


You had 7 spell levels left.
You knew the following spells:

 Your Spells              Type           Power      Damage    Failure   Level
a - Freeze                Ice            44%        1d6       1%          1
b - Frozen Ramparts       Ice            22%        1d4       5%          3

Your spell library contained the following spells:

 Spells                   Type           Power      Damage    Failure   Level
 Iskenderun's Battlesphe  Conj           5%         2d6       77%         5
 Leda's Unmaking          Conj/Erth      2%         9d1       99%         6
 Spellforged Servitor     Conj/Summ      2%         N/A       100%        7


Dungeon Overview and Level Annotations

Branches:
Dungeon (4/15)
 Temple: D:4-7

Altars:
Xom

Shops:
D:3 :


Innate Abilities, Weirdness & Mutations

You have very sharp teeth.
Your uncanny sense of smell can sniff out nearby items.
Your experience applies equally to all skills.


Message History

* * * LOW HITPOINT WARNING * * *
Casting: Frozen Ramparts (dangerous; 5% risk of failure)
Confirm with . or Enter, or press ? or * to list all spells.
You don't have enough magic to cast this spell.
Unknown command.
Casting: Frozen Ramparts (dangerous; 5% risk of failure)
Confirm with . or Enter, or press ? or * to list all spells.
Okay, then.
Unknown command.
You feel much better.
The gnoll bouda hits you with a +0 whip.
The gnoll closely misses you.
You hit the gnoll bouda but do no damage.
The gnoll bouda is severely wounded.
The gnoll bouda calls upon its god to heal the gnoll.
The gnoll is healed somewhat.
The gnoll barely misses you.
You hit the gnoll bouda but do no damage.
The gnoll bouda is severely wounded.
Your attacks no longer feel as feeble.
The gnoll hits you but does no damage.
The gnoll bouda hits you with a +0 whip!
* * * LOW HITPOINT WARNING * * *
You barely miss the gnoll bouda. You punch the gnoll bouda.
The gnoll bouda is almost dead.
The gnoll hits you from afar with a +0 spear.
* * * LOW HITPOINT WARNING * * *
The gnoll bouda gazes fiercely through you!
You feel your attacks grow feeble.
The gnoll bouda hits you with a +0 whip.
* * * LOW HITPOINT WARNING * * *
Casting: Frozen Ramparts (dangerous; 5% risk of failure)
Confirm with . or Enter, or press ? or * to list all spells.
Casting: Frozen Ramparts (dangerous; 5% risk of failure)
Press: ? - help, Dir - look around, f - activate The walls around you are covered in ice.
You hear the rapid rusting of a very distant drain.
The wall freezes the gnoll but does no damage.
The gnoll hits you but does no damage.
The wall freezes the gnoll bouda.
The gnoll bouda hits you with a +0 whip.
You die...

### ##.## ###
###...## ##.# #
#g@###.####..#
# #.g.##
##.....## #
#..()##
##....##### #
...((.#
#........###
(....#
#.........#.
(....
#.........#.
.(..
####...........
#(..
...............
...............


You could see a gnoll bouda and a gnoll (swift).

Vanquished Creatures
  A scorpion (D:4)
  A jelly (D:4)
  An orc wizard (D:3)
  Robin (D:2)
  3 gnolls (D:4)
  An adder (D:4)
  4 dart slugs
  2 worms
  4 orcs (D:3)
  4 endoplasms
  A giant cockroach (D:1)
  11 goblins
  15 hobgoblins
  3 jackals (D:3)
  4 quokkas
  9 ball pythons
  8 bats
  5 frilled lizards
  8 kobolds
  7 rats
93 creatures vanquished.

Notes
Turn   | Place    | Note
-------+----------+-------------------------------------------
     0 | D:1      | BarneyGumball the Gnoll Wanderer began the quest for the
                  | Orb.
     0 | D:1      | BarneyGumball set off with the following items: a +2
                  | dagger, a potion of haste, a +0 scale mail, a scroll of
                  | teleportation; and the following spell memorised: Freeze;
                  | and the following spells available to memorise: Frozen
                  | Ramparts.
     0 | D:1      | Reached XP level 1. HP: 13/13 MP: 4/4
   190 | D:1      | Reached XP level 2. HP: 19/19 MP: 5/5
   679 | D:1      | Reached XP level 3. HP: 25/25 MP: 7/7
  1084 | D:1      | Reached skill level 1 in Invocations
  1390 | D:2      | Reached skill level 1 in Fighting
  1390 | D:2      | Reached skill level 1 in Short Blades
  1390 | D:2      | Reached skill level 1 in Long Blades
  1390 | D:2      | Reached skill level 1 in Axes
  1390 | D:2      | Reached skill level 1 in Maces & Flails
  1390 | D:2      | Reached skill level 1 in Polearms
  1390 | D:2      | Reached skill level 1 in Staves
  1390 | D:2      | Reached skill level 1 in Ranged Weapons
  1390 | D:2      | Reached skill level 1 in Dodging
  1390 | D:2      | Reached skill level 1 in Shields
  1390 | D:2      | Reached skill level 1 in Unarmed Combat
  1390 | D:2      | Reached skill level 1 in Evocations
  1531 | D:2      | Reached XP level 4. HP: 31/32 MP: 8/8
  1591 | D:2      | Found a shimmering altar of Xom.
  1645 | D:2      | Reached skill level 1 in Shapeshifting
  1693 | D:2      | Noticed Robin
  1714 | D:2      | Killed Robin
  1733 | D:2      | Reached skill level 1 in Conjurations
  1733 | D:2      | Reached skill level 1 in Hexes
  1733 | D:2      | Reached skill level 1 in Summonings
  1733 | D:2      | Reached skill level 1 in Necromancy
  1733 | D:2      | Reached skill level 1 in Translocations
  1733 | D:2      | Reached skill level 1 in Transmutations
  1733 | D:2      | Reached skill level 1 in Fire Magic
  1733 | D:2      | Reached skill level 1 in Air Magic
  1733 | D:2      | Reached skill level 1 in Earth Magic
  1733 | D:2      | Reached skill level 1 in Poison Magic
  2206 | D:3      | Found Byrom's Vocational Training.
  2688 | D:3      | Reached XP level 5. HP: 19/37 MP: 9/9
  2815 | D:3      | Learned a level 3 spell: Frozen Ramparts
  3241 | D:4      | Reached skill level 8 in Stealth
  3241 | D:4      | Reached XP level 6. HP: 44/44 MP: 9/11
  3567 | D:4      | Reached skill level 5 in Armour
  3579 | D:4      | HP: 1/44 [gnoll bouda/+0 whip (6)]
  3580 | D:4      | Slain by a gnoll bouda

Illustrated notes

Levels and vault maps discovered:
D:1:      shiori_arrival_elements, layout_basic, serial_aquarium,
          aquarium_bridge_island_small [aquarium_subvault_small_water,
          aquarium_subvault_bridge, aquarium_subvault_bridge,
          aquarium_subvault_wall, aquarium_subvault_wall], aquarium_window_2,
          aquarium_window_fake, aquarium_window_corner, aquarium_view_2d,
          aquarium_balcony_3a, aquarium_pool_2
D:2:      layout_rooms, basic_altar, serial_forest,
          infiniplex_forest_lined_room_2, infiniplex_forest_straight_4,
          infiniplex_forest_clump_small, infiniplex_forest_zigzag_2,
          infiniplex_forest_end_1, infiniplex_forest_straight_2,
          infiniplex_forest_straight_3, infiniplex_forest_lined_ring,
          infiniplex_forest_straight_3, kennysheep_nub, uniq_robin
D:3:      layout_basic, kennysheep_big_empty_room, nicolae_shop_vocational
D:4:      layout_layer_cave, gup_sewer_entry_bowl, lightli_minifort

Skill      XL: |  1  2  3  4  5  6 |
---------------+-------------------+-----
Invocations    | 1 2 |  2.1
Fighting       | 1 |  1.9
Short Blades   | 1 |  1.9
Long Blades    | 1 |  1.9
Axes           | 1 |  1.9
Maces & Flails | 1 |  1.9
Polearms       | 1 |  1.9
Staves         | 1 |  1.9
Ranged Weapons | 1 |  1.9
Dodging        | 1 |  1.9
Shields        | 1 |  1.9
Unarmed Combat | 1 |  1.9
Evocations     | 1 |  1.9
Shapeshifting  | 1 |  1.7
Spellcasting   | 3 |  3.4
Conjurations   | 1 |  1.5
Hexes          | 1 |  1.5
Summonings     | 1 |  1.5
Necromancy     | 1 |  1.5
Translocations | 1 |  1.5
Transmutations | 1 |  1.5
Fire Magic     | 1 |  1.5
Air Magic      | 1 |  1.5
Earth Magic    | 1 |  1.5
Poison Magic   | 1 |  1.5
Throwing       | 3 |  3.2
Ice Magic      | 4 |  4.1
Stealth        | 8 |  8.0
Armour         | 5 |  5.0

Action                     |  1- 3 |  4- 6 || total
---------------------------+-------+-------++-------
  Melee: Dagger            |   171 |   223 ||   394
         Bite              |    19 |     9 ||    28
         Punch             |     5 |     2 ||     7
   Fire: Sling             |       |    36 ||    36
  Throw: Dart              |     6 |    20 ||    26
   Cast: Frozen Ramparts   |       |     7 ||     7
  Evoke: Wand              |       |     2 ||     2
    Use: Potion            |       |     2 ||     2
   Stab: Sleeping          |     7 |     4 ||    11
 Armour: Scale mail        |    90 |   172 ||   262
         Robe              |       |    37 ||    37
  Dodge: Dodged            |    67 |   105 ||   172

Table legend: (Time is in decaauts)
 A = Elapsed time spent in this place.
 B = Non-inter-level travel time spent in this place.
 C = Inter-level travel time spent in this place.
 D = Time resting spent in this place.
 E = Time spent auto-exploring this place.
 F = Levels seen in this place.
 G = Mean time per level.
                   A        B        C        D        E       F      G
               +--------+--------+--------+--------+--------+-----+--------+
         Total |   3568 |   3385 |    183 |     36 |   2376 |   4 |  892.0 |
       Dungeon |   3568 |   3385 |    183 |     36 |   2376 |   4 |  892.0 |
               +--------+--------+--------+--------+--------+-----+--------+

Top non-repeatable levels by time:
     D:1: 1152 daAuts
     D:2: 941 daAuts
     D:3: 866 daAuts
     D:4: 607 daAuts
